 Dungeon Crawl Stone Soup version 0.17.1-1-g73c8601 (webtiles) character file.

49 Rationalist the Shield-Bearer (level 4, -5/37 HPs)
             Began as a Formicid Fighter on Dec 16, 2015.
             Was an Initiate of Qazlal.
             Engulfed by a cloud of flame (21 damage)
             ... on level 2 of the Dungeon.
             The game lasted 00:02:04 (1253 turns).

Rationalist the Shield-Bearer (Formicid Fighter)    Turns: 1253, Time: 00:02:04

Health: -5/37      AC: 12    Str: 20    XL:     4   Next: 1%
Magic:  4/4        EV:  4    Int:  8    God:    Qazlal [......]
Gold:   65         SH:  9    Dex: 11    Spells: 0 memorised, 3 levels left

rFire  . . .     SeeInvis +     a - +0 war axe
rCold  . . .     Clarity  .     o - +1 plate armour {rPois}
rNeg   . . .     SustAt   .     c - +0 shield
rPois  +         Gourm    .     (helmet unavailable)
rElec  .         Spirit   .     (no cloak)
rCorr  .         Warding  .     (no gloves)
rMut   .         Stasis   +     (no boots)
MR     .....                    (no amulet)
Stlth  ..........               (no ring)
                                i - ring of loudness (curse)

@: not resistant to hostile enchantments, extremely unstealthy
A: permanent stasis, dig shafts and tunnels, four strong arms, antennae 3
a: Dig, Shaft Self, Renounce Religion


You were on level 2 of the Dungeon.
You worshipped Qazlal.
Qazlal was noncommittal.
You were not hungry.

You visited 1 branch of the dungeon, and saw 2 of its levels.

You collected 65 gold pieces.

Inventory:

Hand Weapons
 a - a +0 war axe (weapon)
Missiles
 n - 28 sling bullets
 r - 16 bolts
Armour
 c - a +0 shield (worn)
 m - a +1 scale mail of fire resistance
 o - a +1 plate armour of poison resistance (worn)
Jewellery
 i - a cursed ring of loudness (left hand)
Scrolls
 b - a scroll of fog {unknown}
 g - 2 scrolls of remove curse {unknown}
 j - 2 scrolls of identify {unknown}
 l - a scroll of teleportation {unknown}
 p - a scroll of recharging {unknown}
 q - a scroll of magic mapping {unknown}
Potions
 d - 2 potions of might
 f - a potion of degeneration {unknown}
 h - a potion of heal wounds {unknown}
Comestibles
 e - a bread ration
 k - a slice of pizza
 s - 3 fruits
 t - a meat ration
 u - 2 chunks of flesh


   Skills:
 + Level 3.9 Fighting
 + Level 2.4 Axes
 + Level 3.6 Armour
 + Level 0.5 Dodging
 + Level 4.2 Shields


You had 3 spell levels left.
You didn't know any spells.

Dungeon Overview and Level Annotations

Branches:
Dungeon (2/15)

Altars:
Qazlal
Vehumet


Innate Abilities, Weirdness & Mutations

You are under a permanent stasis effect.
You can dig through walls and to a lower floor.
Your four strong arms can wield two-handed weapons with a shield.
You have a pair of large antennae on your head (SInv).


Message History

You have reached level 4!
You feel clever.
You see here a jackal corpse.
You butcher the jackal corpse.
u - 3 chunks of flesh You see here a jackal skeleton.
Eat one of 3 chunks of flesh? (ye/n/q/i?) This raw flesh tastes terrible.
You continue eating. x2
Found a stone staircase leading down.
Found a radiant altar of Vehumet.
Really walk into a travel-excluded area?
Really walk into that cloud of flame?
You are engulfed in roaring flames.
Ouch! That really hurt!
You see here 14 gold pieces.
You now have 65 gold pieces (gained 14).
You are engulfed in roaring flames.
Ouch! That really hurt!
You die...

# ###.##### #.# #. # #.#
#.# ## # ######+##
#.#### ##.......##
#..... #..§§.....##
###### . #.§.§......##
##.## #######
...##%._§.......####...#
.......
......§.§.......+.......
#######
#...@........####...#
#####.......# #..##
###.....## #.###
##.........# #.# #
##..###+###.# #.# #
##...###.# # #.# #
##.....##.# #.###
#.........## # #....
##.....#...##.# #####


There were no monsters in sight!

Vanquished Creatures
  2 oozes (D:2)
  A giant gecko (D:1)
  7 bats
  A giant cockroach (D:1)
  4 goblins
  9 hobgoblins (D:1)
  2 jackals (D:2)
  2 kobolds
  A giant newt (D:1)
  7 rats
36 creatures vanquished.

Notes
Turn   | Place    | Note
--------------------------------------------------------------
     0 | D:1      | Rationalist the Formicid Fighter began the quest for the Orb.
     0 | D:1      | Reached XP level 1. HP: 18/18 MP: 1/1
    76 | D:1      | Reached XP level 2. HP: 21/24 MP: 2/2
   328 | D:1      | Reached skill level 4 in Shields
   328 | D:1      | Reached XP level 3. HP: 27/30 MP: 3/3
   613 | D:2      | Found a stormy altar of Qazlal.
   627 | D:2      | Became a worshipper of Qazlal Stormbringer
  1200 | D:2      | Reached XP level 4. HP: 37/37 MP: 4/4
  1248 | D:2      | Found a radiant altar of Vehumet.
  1253 | D:2      | Engulfed by a cloud of flame

Action                   |  1- 3 |  4- 6 || total
-------------------------+-------+-------++-------
Melee: War axe           |    83 |       ||    83
 Abil: Dig               |     2 |       ||     2
  Eat: Chunk             |       |     1 ||     1
